 Dungeon Crawl Stone Soup version 0.30.0-5-g1a98f26d00 (webtiles) character file.

Game seed: 101918445909351773

7467 retardedninja the Cleaver (level 10, -2/90 HPs)
             Began as a Minotaur Fighter on May 8, 2023.
             Was an Initiate of Ru.
             Slain by a sixfirhy (4 damage)
             ... summoned by a kobold demonologist
             ... on level 10 of the Dungeon on May 9, 2023.
             The game lasted 00:14:06 (9550 turns).

retardedninja the Cleaver (Minotaur Fighter)        Turns: 9550, Time: 00:14:06

Health: -2/90      AC:  2    Str: 25    XL:     10   Next: 94%
Magic:  18/18      EV:  8    Int:  5    God:    Ru [......]
Gold:   356        SH:  6    Dex: 13    Spells: 9/9 levels left

rFire   + . .        a - +0 war axe (freeze)
rCold   + . .        c - +0 buckler
rNeg    . . .        l - +0 plate armour
rPois   +            K - +2 hat
rElec   .            g - +2 cloak {Will+}
rCorr   .            q - +0 pair of gloves
SInv    .            (no boots)
Will    +....        (no amulet) Stlth
                     L - ring of Bucsigeas {rPois rF+ MP+9 Dex+3}
HPRegen 0.35/turn    m - ring of protection from cold
MPRegen 0.16/turn

%: no passive effects
@: corroded
A: horns 2, no stealth, retaliatory headbutt
a: Renounce Religion


You were on level 10 of the Dungeon.
You worshipped Ru.
Ru was noncommittal.
You visited 2 branches of the dungeon, and saw 11 of its levels.
You visited the Abyss 1 time.

You collected 356 gold pieces.

Inventory:

Hand Weapons
 a - a +0 war axe of freezing (weapon)
Missiles
 G - 2 javelins (quivered)
Armour
 c - a +0 buckler (worn)
 g - a +2 cloak of willpower (worn)
 l - a +0 plate armour (worn)
 q - a +0 pair of gloves (worn)
 K - a +2 hat (worn)
Jewellery
 e - a ring of flight
 m - a ring of protection from cold (right hand)
 L - the ring of Bucsigeas (left hand) {rPois rF+ MP+9 Dex+3}
   (You found it on level 8 of the Dungeon)

   [ring of poison resistance]

   Dex:       It affects your dexterity (+3).
   rF:        It protects you from fire.
   rPois:     It protects you from poison.
   MP:        It affects your magic capacity (+9).
Wands
 k - a wand of charming (7)
 u - a wand of digging (8)
 z - a wand of roots (21)
 D - a wand of flame (28)
Scrolls
 b - 2 scrolls of torment {unknown}
 f - a scroll of immolation {unknown}
 i - a scroll of magic mapping {unknown}
 o - 3 scrolls of enchant weapon {unknown}
 r - a scroll of fog {unknown}
 s - 2 scrolls of blinking {unknown}
 t - 2 scrolls of enchant armour {unknown}
 v - 4 scrolls of amnesia {unknown}
 w - 13 scrolls of identify
 y - 3 scrolls of vulnerability {unknown}
 A - 6 scrolls of teleportation {unknown}
 B - 5 scrolls of poison {unknown}
 E - a scroll of fear {unknown}
Potions
 d - a potion of invisibility {unknown}
 h - 2 potions of brilliance
 j - 5 potions of cancellation {unknown}
 n - a potion of haste {unknown}
 x - a potion of attraction {unknown}
 C - 2 potions of curing
 F - a potion of flight {unknown}
 H - 2 potions of resistance {unknown}
 I - 4 potions of degeneration {unknown}
 J - a potion of lignification {unknown}
 M - 2 potions of magic {unknown}


   Skills:
 + Level 8.6 Fighting
 + Level 13.8 Axes
 + Level 11.2 Armour
 + Level 1.3 Dodging
 + Level 7.1 Shields
 + Level 0.3 Evocations


You had 9 spell levels left.
You didn't know any spells.
Your spell library contained the following spells:

 Spells                   Type           Power      Damage    Failure   Level
 Beastly Appendage        Tmut           0%         N/A       99%         1
 Kiss of Death            Conj/Necr      0%         2d5       99%         1
 Magic Dart               Conj           0%         1d3       99%         1
 Sting                    Tmut/Pois      0%         1d3       99%         1
 Call Imp                 Summ           0%         N/A       100%        2
 Poisonous Vapours        Pois/Air       0%         N/A       100%        2
 Wereblood                Tmut           0%         N/A       100%        2
 Confusing Touch          Hex            0%         N/A       100%        3
 Mephitic Cloud           Conj/Pois/Air  0%         N/A       100%        3
 Spider Form              Tmut/Pois      0%         N/A       100%        3
 Dispel Undead            Necr           0%         3d6       100%        4
 Olgreb's Toxic Radiance  Pois           0%         N/A       100%        4


Dungeon Overview and Level Annotations

Branches:
Dungeon (10/15)            Temple (1/1) D:7            Lair (0/5) D:10
    Orc: D:9-12

Altars:
Ashenzari
Cheibriados
Dithmenos
Elyvilon
Fedhas
Gozag
Hepliaklqana
Kikubaaqudgha
Makhleb
Nemelex Xobeh
Okawaru
Qazlal
Ru
Sif Muna
Trog
Uskayaw
Vehumet
Wu Jian
Xom
Yredelemnul
Zin
The Shining One

Annotations:
D:4 1 runed translucent door, Crazy Yiuf


Innate Abilities, Weirdness & Mutations

You have a pair of horns on your head.
You cannot be stealthy.
You reflexively headbutt those who attack you in melee.


Message History

The rust devil hits you. The rust devil corrodes you!
The crimson imp barely misses you.
The kobold demonologist casts a spell.
The crimson imp hits you.
Unknown command.
Unknown command.
You closely miss the kobold demonologist.
Your headbutt misses the kobold demonologist.
The kobold demonologist is severely wounded.
You hit the crimson imp. You freeze the crimson imp.
You closely miss the crimson imp. You closely miss the rust devil.
The crimson imp hits you. The rust devil completely misses you.
You hit the kobold demonologist. You freeze the kobold demonologist.
The kobold demonologist is almost dead.
You closely miss the crimson imp.
You hit the rust devil but do no damage.
You slash the crimson imp! You freeze the crimson imp.
You kill the crimson imp!
The crimson imp disappears in a puff of smoke!
You block the rust devil's attack. The crimson imp hits you.
The sixfirhy hits you! The sixfirhy shocks you!
You block the kobold demonologist's attack.
You hit the kobold demonologist but do no damage.
The kobold demonologist is almost dead.
You hit the crimson imp. You freeze the crimson imp.
You closely miss the sixfirhy. You hit the rust devil.
The sixfirhy closely misses you. The sixfirhy hits you!
* * * LOW HITPOINT WARNING * * *
The sixfirhy shocks you!
* * * LOW HITPOINT WARNING * * *
The sixfirhy hits you.
* * * LOW HITPOINT WARNING * * *
The sixfirhy shocks you!
* * * LOW HITPOINT WARNING * * *
You miss the kobold demonologist.
The kobold demonologist is almost dead.
You hit the crimson imp. You freeze the crimson imp. You miss the sixfirhy.
You hit the rust devil but do no damage.
The sixfirhy hits you.
You die...

#..## [. ..#
.........###...
#...... .......
#...... .).).#
#.....##.._..# .##
.....#5).).#.
...#####..54......
#.#........@K##
###..........3ยง.#...
...##.............#
...#....([...###.#
#......?........#
##..........####
#..........#
##.........#
##.#####..#


You could see a rust devil (summoned), a kobold demonologist (blind), a sixfirhy
(summoned), a crimson imp (summoned) and a shadow imp (summoned).

Vanquished Creatures
  Erolcha (D:10)
  A two-headed ogre (D:10)
  Joseph (D:7)
  Maggie (D:6)
  An unseen horror (D:9)
  Psyche (D:10)
  A komodo dragon (D:10)
  2 trolls (D:9)
  2 steam dragons
  6 yaks (D:10)
  Grum (D:8)
  2 wargs (D:10)
  2 water moccasins
  6 orc warriors
  2 black bears
  An ogre (D:6)
  3 wolves (D:8)
  2 phantoms
  2 kobold brigands (D:8)
  2 scorpions
  13 killer bees
  A howler monkey (D:8)
  5 hounds
  6 orc priests
  A jelly (D:6)
  A sleepcap (D:5)
  Terence (D:3)
  Natasha (thrice) (D:4)
  3 iguanas
  11 orc wizards
  5 adders
  2 shadow imps (D:7)
  2 white imps
  A worm (D:2)
  3 dart slugs
  49 orcs
  9 endoplasms
  2 giant cockroaches
  8 goblins
  9 hobgoblins
  3 jackals (D:1)
  3 quokkas
  8 ball pythons
  6 bats
  3 frilled lizards
  12 kobolds
  13 rats
223 creatures vanquished.

Notes
Turn   | Place    | Note
-------+----------+-------------------------------------------
     0 | D:1      | retardedninja the Minotaur Fighter began the quest for the
                  | Orb.
     0 | D:1      | Reached XP level 1. HP: 19/19 MP: 0/0
    52 | D:1      | Reached XP level 2. HP: 24/27 MP: 1/1
   318 | D:1      | Reached skill level 3 in Axes
   349 | D:1      | Reached XP level 3. HP: 33/33 MP: 2/2
  1094 | D:2      | Found a glowing golden altar of the Shining One.
  1305 | D:2      | Reached XP level 4. HP: 40/40 MP: 3/3
  1670 | D:3      | Identified the +8 mace of Unreason {drain, rPois rF- Dex+5}
  1716 | D:3      | Noticed Terence
  1722 | D:3      | Killed Terence
  1723 | D:3      | Reached skill level 4 in Axes
  1776 | D:3      | Found a shimmering blue altar of Sif Muna.
  1777 | D:3      | Found a shadowy altar of Dithmenos.
  1863 | D:3      | Reached XP level 5. HP: 19/46 MP: 4/4
  2466 | D:4      | Reached skill level 5 in Axes
  2573 | D:4      | Reached skill level 5 in Armour
  2633 | D:4      | Noticed a black bear
  2638 | D:4      | Noticed Natasha
  2639 | D:4      | Killed a black bear
  2640 | D:4      | Reached XP level 6. HP: 45/53 MP: 5/5
  2642 | D:4      | Killed Natasha
  2671 | D:4      | Noticed Natasha
  2676 | D:4      | Killed Natasha
  2692 | D:4      | You fall into a shaft and drop 2 floors!
  2717 | D:6      | Identified the +0 robe of Ignis's Regard {rElec Dex+6}
  2737 | D:6      | Noticed a steam dragon
  2746 | D:6      | Killed a steam dragon
  2747 | D:6      | Reached skill level 6 in Axes
  2747 | D:6      | Reached skill level 1 in Dodging
  2747 | D:6      | Reached XP level 7. HP: 51/60 MP: 6/6
  2877 | D:6      | Reached skill level 7 in Axes
  2942 | D:5      | Entered Level 5 of the Dungeon
  2946 | D:5      | Reached skill level 5 in Fighting
  3117 | D:5      | Found an ancient bone altar of Kikubaaqudgha.
  3195 | D:5      | Found a hazy altar of Hepliaklqana.
  3547 | D:5      | Found a sand-covered staircase.
  3559 | D:5      | Reached skill level 8 in Axes
  3559 | D:5      | Reached XP level 8. HP: 60/69 MP: 7/7
  3651 | D:4      | Found a runed translucent door.
  3652 | D:4      | Noticed Crazy Yiuf
  3773 | D:4      | Identified the +0 robe of Polytheism {+Inv MP+9}
  3784 | D:4      | Found a sparkling altar of Nemelex Xobeh.
  3847 | D:4      | Noticed Natasha
  3851 | D:4      | Killed Natasha
  4487 | D:6      | Noticed Maggie
  4502 | D:6      | Killed Maggie
  4503 | D:6      | Reached skill level 9 in Axes
  4825 | D:6      | Found an ornate altar of the Wu Jian Council.
  4827 | D:6      | Found a bloodstained altar of Trog.
  4827 | D:6      | Found a shimmering altar of Xom.
  4833 | D:6      | Found a white marble altar of Elyvilon.
  4833 | D:6      | Found a stormy altar of Qazlal.
  4833 | D:6      | Found a burning altar of Makhleb.
  5197 | D:6      | Found a white marble altar of Elyvilon.
  5220 | D:7      | Noticed Joseph
  5233 | D:7      | Killed Joseph
  5234 | D:7      | Reached skill level 10 in Axes
  5234 | D:7      | Reached XP level 9. HP: 56/78 MP: 8/8
  5412 | D:7      | Reached skill level 5 in Shields
  5644 | D:7      | Found a staircase to the Ecumenical Temple.
  6025 | Temple   | Entered the Ecumenical Temple
  6393 | D:8      | Identified the ring of Bucsigeas {rPois rF+ MP+9 Dex+3}
  6618 | D:8      | Found a burning altar of Makhleb.
  6767 | D:8      | Reached skill level 1 in Stealth
  6832 | D:8      | Found a sacrificial altar of Ru.
  6833 | D:8      | Noticed Grum
  6839 | D:8      | Reached skill level 11 in Axes
  6858 | D:8      | Killed Grum
  7171 | D:8      | Became a worshipper of Ru the Awakened
  7396 | D:9      | Found a glowing golden altar of the Shining One.
  7402 | D:9      | Reached skill level 12 in Axes
  7602 | D:9      | Noticed a troll
  7611 | D:9      | Killed a troll
  7612 | D:9      | Reached XP level 10. HP: 69/86 MP: 9/9
  8334 | D:10     | Entered Level 10 of the Dungeon
  8343 | D:10     | Found a glowing silver altar of Zin.
  8367 | D:10     | Noticed Psyche
  8386 | D:10     | Killed Psyche
  8387 | D:10     | Reached skill level 10 in Armour
  8568 | D:10     | Reached skill level 13 in Axes
  8568 | D:10     | Found an opulent altar of Gozag.
  8807 | D:10     | Noticed Erolcha
  8816 | D:10     | Found a staircase to the Lair.
  8834 | Abyss:1  | Cast into level 1 of the Abyss (Erolcha)
  8851 | D:10     | Escaped the Abyss
  8852 | D:10     | Killed Erolcha
  8864 | D:10     | Gained mutation: You cannot be stealthy. [Ru sacrifice]
  9081 | D:10     | Found an iron altar of Okawaru.
  9093 | D:10     | Noticed a two-headed ogre
  9525 | D:10     | Killed a two-headed ogre
  9535 | D:10     | Noticed a rust devil
  9547 | D:10     | Noticed a sixfirhy
  9549 | D:10     | HP: 1/90 [sixfirhy[a kobold demonologist] (9)]
  9550 | D:10     | Slain by a sixfirhy

Illustrated notes

Levels and vault maps discovered:
D:1:      minmay_arrival_glassed_features, layout_rooms
D:2:      layout_basic, basic_altar
D:3:      cheibrodos_pilgrimage, layout_rooms, gammafunk_temple_overflow_statue,
          uniq_terence
D:4:      layout_basic, mainiacjoe_overflow_paths, dk_noncrumbling_4,
          uniq_crazy_yiuf_cottage, uniq_natasha
D:5:      layout_basic, worldfamousw_hep_ancestral_shrine,
          kiku_gazebo_pond_becter, nicolae_ossuary_entry_monument
D:6:      layout_cave_pools, doesnt_xom_only_xom, nicolae_elyvilon_temple_path,
          uniq_maggie
D:7:      layout_cave_pools, minmay_temple_entry_statues_pillars,
          nicolae_elevator_lobby_plus, uniq_joseph
D:8:      minmay_general_purpose_star, layout_loops_ring,
          nicolae_ru_sacrificial_ziggurat, general_overflow_altar, uniq_grum
D:9:      layout_layer_cave, lemuel_crystal_altar
D:10:     layout_basic, mainiacjoe_overflow_alcove_1, kennysheep_mini_moat,
          lemuel_coloured_pillars_altar, okawaru_ov_weapons_minmay,
          erik_lair_orcish_takeover, uniq_erolcha, uniq_psyche
Temple:   nicolae_temple_two_arcs

Skill      XL: |  1  2  3  4  5  6  7  8  9 10 |
---------------+-------------------------------+-----
Armour         | 4 5 6 7 8 9 11 | 11.2
Fighting       | 4 5 6 7 8 |  8.6
Shields        | 4 5 7 |  7.1
Axes           | 3 4 5 6 8 10 12 13 | 13.8
Dodging        | 1 |  1.3
Stealth        | 1 0 |  0.0
Evocations     | |  0.3

Action                     |  1- 3 |  4- 6 |  7- 9 | 10-12 || total
---------------------------+-------+-------+-------+-------++-------
  Melee: War axe           |    98 |    87 |   282 |   149 ||   616
         Headbutt          |    17 |     8 |    34 |    26 ||    85
 Invoke: Sacrifice Stealth |       |       |       |     1 ||     1
  Evoke: Wand              |       |       |     1 |     3 ||     4
    Use: Scroll            |       |     5 |       |       ||     5
         Potion            |       |     1 |     2 |     3 ||     6
   Stab: Invisible         |       |       |       |     1 ||     1
 Armour: Scale mail        |    38 |       |       |       ||    38
         Plate armour      |    14 |    63 |   207 |   109 ||   393
  Dodge: Dodged            |    50 |    36 |    86 |    30 ||   202
  Block: Buckler           |    22 |    18 |    56 |    45 ||   141
